 Dungeon Crawl Stone Soup version 0.29.1-1-gd02db6906a (webtiles) character file.

Game seed: 5661899873670004317

18239 Descartes the Unseen (level 12, 0/48 (51) HPs)
             Began as a Spriggan Venom Mage on Oct 21, 2022.
             Was an Initiate of Gozag.
             Shot with a bolt by an orc warrior (22 damage)
             ... led by an orc warlord
             ... on level 2 of the Orcish Mines.
             The game lasted 01:15:46 (22897 turns).

Descartes the Unseen (Spriggan Venom Mage)         Turns: 22897, Time: 01:15:46

HP:   0/48 (51)     AC:  5    Str:  3    XL:     12   Next: 25%
MP:   29/29         EV: 16    Int: 21    God:    Gozag
Gold: 1746          SH:  0    Dex: 19    Spells: 6/21 levels left

rFire   . . .      SeeInvis +   V - +4 scimitar (flame)
rCold   + + .      Faith    .   (no shield)
rNeg    . . .      Spirit   .   O - +0 troll leather armour of Geexkukk {rC+ Regen+}
rPois   .          Reflect  .   (helmet restricted)
rElec   .          Harm     .   T - +0 cloak
rCorr   .          Rampage  .   (gloves unavailable)
Will    ++...                   (boots unavailable)
Stlth   ++++++....              (no amulet)
HPRegen 0.96/turn               N - ring of protection from cold
MPRegen 0.21/turn               F - ring of magical power

@: drained, very quick
A: very small, no large weapons, unfitting armour, see invisible, speed 3,
antennae 1, agile 1, sense surroundings 1, subdued magic 1
a: Renounce Religion, Potion Petition, Call Merchant, Bribe Branch


You were on level 2 of the Orcish Mines.
You worshipped Gozag.
Gozag was most pleased with you.
You visited 3 branches of the dungeon, and saw 14 of its levels.
You also visited: Bailey.

You collected 1935 gold pieces.
You paid 189 gold pieces to Gozag.

Inventory:

Hand Weapons
 h - a +0 dagger of draining
 o - a +2 flail of holy wrath
 y - a +0 rapier
 V - a +4 scimitar of flaming (weapon)
Missiles
 b - a boomerang of dispersal
 i - 3 silver boomerangs
 s - 16 poisoned darts
 H - 19 boomerangs
 R - a throwing net
Armour
 O - the +0 troll leather armour of Geexkukk (worn) {rC+ Regen+}
   (You found it in a bailey)

   rC:        It protects you from cold.
   Regen:     It increases your rate of health regeneration.
 T - a +0 cloak (worn)
Jewellery
 l - a ring of resist corrosion
 r - a ring of protection from cold
 F - a ring of magical power (right hand)
 G - a ring of flight
 N - a ring of protection from cold (left hand)
Wands
 m - a wand of roots (6)
 I - a wand of paralysis (4)
 P - a wand of light (4)
 S - a wand of polymorph (10)
 U - a wand of mindburst (4)
Scrolls
 a - 2 scrolls of enchant weapon
 c - 2 scrolls of fear {unknown}
 d - a scroll of immolation {unknown}
 e - 4 scrolls of amnesia
 g - 4 scrolls of fog
 k - 2 scrolls of poison {unknown}
 p - 7 scrolls of blinking
 q - a scroll of vulnerability {unknown}
 t - a scroll of silence {unknown}
 v - 3 scrolls of teleportation
 B - 3 scrolls of summoning
 C - 3 scrolls of enchant armour
 D - 2 scrolls of magic mapping
 E - 2 scrolls of noise {unknown}
 L - a scroll of acquirement {unknown}
Potions
 f - 5 potions of curing
 n - 4 potions of brilliance
 w - 2 potions of attraction {unknown}
 x - a potion of mutation
 z - 4 potions of heal wounds
 A - 4 potions of cancellation
 J - a potion of invisibility {unknown}
 K - a potion of resistance {unknown}
 M - 2 potions of might {unknown}
 Q - a potion of haste {unknown}


   Skills:
 - Level 2.6 Dodging
 - Level 15.1 Stealth
 - Level 5.0 Spellcasting
 + Level 7.3 Conjurations
 + Level 9.5 Hexes
 - Level 5.0 Transmutations
 - Level 5.0 Fire Magic
 + Level 10.3 Poison Magic
 + Level 5.4 Evocations


You had 6 spell levels left.
You knew the following spells:

 Your Spells              Type           Power      Damage    Failure   Level
a - Sting                 Tmut/Pois      100%       1d8       1%          1
b - Magic Dart            Conj           100%       1d8       1%          1
c - Olgreb's Toxic Radia  Pois           37%        N/A       2%          4
d - Fulminant Prism       Conj/Hex       15%        3d11      5%          4
e - Foxfire               Conj/Fire      92%        2x1d8     1%          1
f - Flame Wave            Conj/Fire      23%        2d8       14%         4

Your spell library contained the following spells:

 Spells                   Type           Power      Damage    Failure   Level
 Searing Ray              Conj           54%        2d6       1%          2
 Poisonous Vapours        Pois/Air       40%        N/A       2%          2
 Inner Flame              Hex/Fire       27%        N/A       2%          3
 Conjure Flame            Conj/Fire      23%        6-21      3%          3
 Mephitic Cloud           Conj/Pois/Air  23%        N/A       4%          3
 Static Discharge         Conj/Air       15%        3-5/arc   5%          2
 Sticky Flame             Conj/Fire      23%        2d4       14%         4
 Dispel Undead            Necr           4%         3d7       89%         4
 Borgnjor's Revivificati  Necr           2%         N/A       100%        8
 Necromutation            Tmut/Necr      6%         N/A       100%        8
 Death's Door             Necr           2%         N/A       100%        9
 Corpse Rot               Necr/Pois/Air  Unusable   N/A       N/A         4

Dungeon Overview and Level Annotations

Branches:
Dungeon (11/15)            Temple (1/1) D:7            Lair (0/5) D:11
    Orc (2/2) D:11         Bailey (visited)
    Elf: Orc:2

Altars:
Ashenzari
Cheibriados
Dithmenos
Elyvilon
Fedhas
Gozag
Hepliaklqana
Kikubaaqudgha
Makhleb
Nemelex Xobeh
Okawaru
Qazlal
Ru
Sif Muna
Trog
Uskayaw
Vehumet
Wu Jian
Xom
Yredelemnul
Zin
The Shining One

Shops:
D:9 [


Innate Abilities, Weirdness & Mutations

You are very small and have problems with some larger weapons.
You are too small for most types of armour.
You have supernaturally acute eyesight. (SInv)
You cover ground extremely quickly. (Speed+++)
You have a pair of small antennae on your head.
You are agile. (Dex +4, Str/Int -1)
You passively map a small area around you.
Your spells are a little easier to cast, but a little less powerful.


Message History

The orc sorcerer points at you and mumbles some strange words.
The bolt of fire hits you!!
The orc priest calls upon Beogh to heal something.
Your toxic aura wanes.
The orc warrior unwields a +2 flail of holy wrath.
It stops glowing.
The orc warrior wields a +0 arbalest.
The orc warrior shoots a bolt.
The bolt closely misses you.
The orc warrior looks more healthy.
The orc sorcerer casts a spell at you. The bolt of negative energy hits you!!
You feel drained.
Ouch! That really hurt!
* * * LOW HITPOINT WARNING * * *
The orc sorcerer gestures at you while chanting.
You resist with almost no effort.
There is a stone staircase leading up here.
You climb upwards.
There is a stone staircase leading down here.
HP restored.
Magic restored.
Done exploring.
You climb downwards.
There is a stone staircase leading up here.
The orc sorcerer casts a spell at you.
You suddenly lose the ability to move!
You stop ascending the stairs.
An orc wizard comes into view. It is wielding a +0 dagger.
The orc priest mumbles some strange prayers to Beogh against you.
Beogh smites you!
You hear a shout!
The orc wizard shouts!
An orc comes into view. It is wielding a +0 hand axe.
The orc sorcerer hits you but does no damage.
The orc sorcerer gestures wildly while chanting.
The orc warrior shoots a bolt.
The bolt barely misses you.
The orc sorcerer hits you but does no damage.
The ice devil hits you! The ice devil freezes you. You resist.
The warg howls!
You hear a shout!
You hear a howl!
You can move again.
The orc warrior shoots a bolt.
The bolt hits you!!
You die...
Your body crumbles into a pile of gold.

.......##....... ,
#.....#........ ....# *
#...........# .....# #
##..........# #...... ..
#...........###.......,
..##...........##.......#*
................#.......#
................4......#
........###....o@o.....#
.....##.# ###...o....### *
, ......### ##....o.###
........# ##........# #o
........#####.......o###...
,
.........#.................
...#.................o.....
..###..................h...
.. ##........###.#........,


You could see an ice devil (summoned), a warg, 2 orc sorcerers, an orc warrior,
an orc priest, an orc wizard and an orc.

Vanquished Creatures
  An orc warlord (Bailey)
  2 hydras
  A boulder beetle (D:11)
  Erica (D:10)
  2 two-headed ogres (D:11)
  2 cyclopes (D:11)
  An orc sorcerer (Orc:1)
  3 kobold demonologists (D:10)
  An unseen horror (D:11)
  A hornet (D:6)
  A shadow (D:10)
  A vampire (D:10)
  A basilisk (D:11)
  Eustachio (D:4)
  2 wyverns
  8 yaks
  A steam dragon (D:8)
  A warg (D:11)
  Menkaure (D:6)
  4 water moccasins
  A sky beast (D:6)
  8 orc warriors
  4 black bears
  5 ogres
  3 centaurs
  2 phantoms
  4 bullfrogs
  3 necrophages
  3 gnoll sergeants
  3 scorpions
  13 wights
  5 killer bees (D:9)
  4 electric eels (D:10)
  2 howler monkeys
  3 hounds
  A gnoll bouda (D:8)
  An orc priest (D:7)
  Jessica (D:3)
  Terence (D:2)
  9 orc wizards
  35 gnolls
  13 adders
  2 dart slugs
  36 orcs
  5 ball pythons
  5 bats
  5 endoplasms
  2 giant cockroaches
  7 goblins
  6 hobgoblins
  13 jackals (D:3)
  A frilled lizard (D:1)
  17 kobolds
  7 rats
  A fulminant prism (D:8)
267 creatures vanquished.

Vanquished Creatures (others)
  A foxfire (D:11)
  62 fulminant prisms
  11 plants
74 creatures vanquished.

Grand Total: 341 creatures vanquished

Notes
Turn   | Place    | Note
-------+----------+-------------------------------------------
     0 | D:1      | Descartes the Spriggan Venom Mage began the quest for the
                  | Orb.
     0 | D:1      | Reached XP level 1. HP: 9/9 MP: 5/5
   305 | D:1      | Reached XP level 2. HP: 13/13 MP: 0/6
   399 | D:1      | Learned a level 1 spell: Magic Dart
   990 | D:1      | You fall into a shaft and drop 1 floor!
  2067 | D:2      | Noticed Terence
  2217 | D:2      | Killed Terence
  2218 | D:2      | Reached XP level 3. HP: 8/16 MP: 2/8
  2768 | D:1      | Reached XP level 4. HP: 21/21 MP: 4/9
  3201 | D:2      | Reached skill level 1 in Conjurations
  3607 | D:3      | Noticed Jessica
  3615 | D:3      | Killed Jessica
  3856 | D:3      | Found a faded altar of an unknown god.
  3918 | D:3      | Reached XP level 5. HP: 24/24 MP: 4/11
  4489 | D:3      | Found a broken altar of Ashenzari.
  4696 | D:3      | Found a snail-covered altar of Cheibriados.
  5217 | D:3      | Reached XP level 6. HP: 23/28 MP: 3/13
  5354 | D:3      | Learned a level 4 spell: Olgreb's Toxic Radiance
  6664 | D:3      | Reached skill level 5 in Transmutations
  6827 | D:3      | Reached skill level 5 in Spellcasting
  7155 | D:3      | Found a faded altar of an unknown god.
  7395 | D:3      | Found a broken altar of Ashenzari.
  7434 | D:3      | Found a snail-covered altar of Cheibriados.
  7741 | D:4      | Reached XP level 7. HP: 32/32 MP: 11/15
  7900 | D:4      | Found a bloodstained altar of Trog.
  7902 | D:4      | Found a burning altar of Makhleb.
  7939 | D:4      | Noticed Eustachio
  7953 | D:4      | Killed Eustachio
  7954 | D:4      | Reached skill level 5 in Poison Magic
  8537 | D:5      | Entered Level 5 of the Dungeon
  8922 | D:5      | Learned a level 4 spell: Fulminant Prism
  9294 | D:4      | Reached XP level 8. HP: 35/36 MP: 2/16
  9627 | D:4      | Reached skill level 1 in Hexes
 10925 | D:6      | Reached skill level 5 in Conjurations
 10925 | D:6      | Reached XP level 9. HP: 35/39 MP: 12/17
 11094 | D:6      | Noticed Menkaure
 11147 | D:6      | Killed Menkaure
 11148 | D:6      | Reached skill level 5 in Hexes
 11302 | D:6      | Found a white marble altar of Elyvilon.
 11306 | D:6      | Found an ornate altar of the Wu Jian Council.
 11306 | D:6      | Found a hide-covered altar of Uskayaw.
 11369 | D:6      | Learned a level 1 spell: Foxfire
 11730 | D:7      | Found a flagged portal.
 11736 | Bailey   | Entered a bailey
 11741 | Bailey   | Noticed an orc warlord
 11922 | Bailey   | Reached skill level 1 in Fire Magic
 12023 | Bailey   | Found a runed translucent gate.
 12024 | Bailey   | Found a runed translucent gate.
 12025 | Bailey   | Found a runed translucent gate.
 12039 | Bailey   | Noticed an orc knight
 12040 | Bailey   | HP: 1/39 [orc warrior/+0 mace[a gnoll] (21)]
 12688 | Bailey   | Killed an orc warlord
 12780 | Bailey   | Identified the +0 troll leather armour of Geexkukk {rC+
                  | Regen+}
 12802 | Bailey   | Reached skill level 15 in Stealth
 12802 | Bailey   | Reached XP level 10. HP: 44/44 MP: 18/18
 12832 | D:7      | Found a staircase to the Ecumenical Temple.
 12838 | Temple   | Entered the Ecumenical Temple
 13076 | Temple   | Became a worshipper of Gozag Ym Sagoz the Greedy
 13208 | D:6      | Reached XP level 11. HP: 47/47 MP: 19/19
 16602 | D:9      | Found Vuraff's Antique Armour Emporium.
 16992 | D:9      | Learned a level 4 spell: Flame Wave
 17042 | D:10     | Entered Level 10 of the Dungeon
 17664 | D:10     | Gained mutation: You expend magic power (3 MP) to
                  | strengthen your wands. [potion of mutation]
 17665 | D:10     | Lost mutation: You expend magic power (3 MP) to strengthen
                  | your wands. [potion of mutation]
 17665 | D:10     | Gained mutation: Your spells are a little easier to cast,
                  | but a little less powerful. [potion of mutation]
 17665 | D:10     | Gained mutation: You have a pair of small antennae on your
                  | head. [potion of mutation]
 17665 | D:10     | Gained mutation: You are agile. (Dex +4, Str/Int -1)
                  | [potion of mutation]
 17665 | D:10     | Gained mutation: You passively map a small area around you.
                  | [potion of mutation]
 17796 | D:10     | Reached skill level 1 in Evocations
 18087 | D:10     | Found a sparkling altar of Nemelex Xobeh.
 18210 | D:10     | Noticed Erica
 18230 | D:10     | Killed Erica
 18871 | D:11     | Noticed a two-headed ogre
 18989 | D:11     | Noticed a six-headed hydra
 19301 | D:11     | Noticed a boulder beetle
 19486 | D:11     | Killed a two-headed ogre
 19627 | D:11     | Found a staircase to the Orcish Mines.
 19945 | D:11     | Found a staircase to the Lair.
 19985 | D:11     | Noticed a two-headed ogre
 20117 | D:11     | Killed a boulder beetle
 20150 | D:11     | Noticed an eight-headed hydra
 20188 | D:11     | Killed a two-headed ogre
 20189 | D:11     | Reached skill level 10 in Poison Magic
 20189 | D:11     | Reached XP level 12. HP: 51/51 MP: 12/20
 20207 | D:11     | Killed an eight-headed hydra
 20813 | D:10     | Found a sparkling altar of Nemelex Xobeh.
 21561 | D:10     | Found a sparkling altar of Nemelex Xobeh.
 21624 | D:10     | Killed a six-headed hydra
 21625 | D:10     | Reached skill level 5 in Fire Magic
 21625 | D:10     | Reached skill level 5 in Evocations
 22359 | Orc:1    | Entered Level 1 of the Orcish Mines
 22794 | Orc:2    | Entered Level 2 of the Orcish Mines
 22892 | Orc:2    | Paralysed by an orc sorcerer for 5 turns
 22897 | Orc:2    | Shot with a bolt by an orc warrior

Illustrated notes

Levels and vault maps discovered:
D:1:      nicolae_arrival_somewhat_less_tricky_arrival, layout_basic,
          serial_rivers, chequers_serial_rivers_small_3,
          chequers_serial_rivers_small_3, chequers_serial_rivers_micro_b,
          chequers_serial_rivers_micro_a, chequers_serial_rivers_micro_c,
          chequers_serial_rivers_room_a
D:2:      layout_basic, uniq_terence
D:3:      lemuel_castle_with_subvaults [lemuel_castle_interior_carwin_3],
          layout_rooms, mainiacjoe_overflow_catch_the_wave,
          ebering_ecumenical_altar_mist, uniq_jessica
D:4:      layout_loops_cross, jmf_multi_god_temple, uniq_eustachio
D:5:      layout_basic, guppyfry_early_lair_pool
D:6:      layout_rooms, grunt_temple_overflow_open, uniq_menkaure
D:7:      layout_loops_ring, minmay_temple_entry_fiery, enter_bailey_1
D:8:      layout_basic
D:9:      layout_loops_ring, serial_shops, shop, minmay_misc_feat_room
D:10:     layout_basic, nemelex_xobeh_ov_fountains_minmay,
          hangedman_decor_riveting, chequers_big_river,
          nicolae_figureground_sparkle, uniq_erica
D:11:     layout_rooms, lair_entry_dummy
Temple:   dpeg_chambers_temple
Orc:1:    layout_diamond_mine
Orc:2:    grunt_orc_tribal_feast, layout_diamond_mine, mines1_david

Skill      XL: |  1  2  3  4  5  6  7  8  9 10 11 12 |
---------------+-------------------------------------+-----
Transmutations | 2 3 4 5 |  5.0
Spellcasting   | 3 4 5 |  5.0
Conjurations   | 1 2 3 5 6 7 |  7.3
Poison Magic   | 4 6 7 8 10 | 10.3
Hexes          | 4 7 9 |  9.5
Fire Magic     | 2 4 5 |  5.0
Stealth        | 15 | 15.1
Evocations     | 4 5 |  5.4
Dodging        | |  2.6

Action                   |  1- 3 |  4- 6 |  7- 9 | 10-12 || total
-------------------------+-------+-------+-------+-------++-------
Melee: Unarmed           |     3 |       |       |       ||     3
       Dagger            |     5 |    10 |    12 |       ||    27
       Scimitar          |       |       |       |     8 ||     8
 Cast: Sting             |    50 |    86 |    62 |     9 ||   207
       Magic Dart        |    34 |   210 |   233 |    86 ||   563
       Olgreb's Toxic Ra |       |       |    18 |   120 ||   138
       Fulminant Prism   |       |       |     2 |    61 ||    63
       Foxfire           |       |       |       |     1 ||     1
Evoke: Wand              |       |       |     4 |     7 ||    11
  Use: Scroll            |       |       |     7 |     6 ||    13
       Potion            |       |       |     2 |     2 ||     4
 Stab: Paralysed         |       |       |     7 |     4 ||    11
Armor: Robe              |     2 |     1 |     6 |       ||     9
       Troll leather arm |       |       |       |    12 ||    12
Dodge: Dodged            |    14 |    28 |    32 |    71 ||   145
